 Dungeon Crawl Stone Soup version 0.22-a0-866-geee50340df (webtiles) character file.

79027 Htamos the Unseen (level 15, 0/75 HPs)
             Began as a Felid Enchanter on July 27, 2018.
             Was a Follower of Uskayaw.
             Killed from afar by a thorn hunter (21 damage)
             ... with a volley of thorns
             ... on level 4 of the Swamp on July 28, 2018.
             The game lasted 04:02:30 (58513 turns).

Htamos the Unseen (Felid Enchanter)                Turns: 58513, Time: 04:02:31

Health: 0/75       AC:  7    Str:  7    XL:     15   Next: 19%
Magic:  25/32      EV: 31    Int: 20    God:    Uskayaw [*.....]
Gold:   874        SH:  7    Dex: 19    Spells: 9/34 levels left
                                        Lives:  0   Deaths: 4

rFire    . . .     SeeInvis +     - Unarmed
rCold    + . .     Gourm    .   (shield unavailable)
rNeg     . . .     Faith    .   (armour unavailable)
rPois    +         Spirit   .   (helmet unavailable)
rElec    .         Reflect  +   (cloak unavailable)
rCorr    .         Harm     .   (gloves unavailable)
MR       +++..                  (boots unavailable)
Stlth    +++++++...             N - amulet of Oenomania {Reflect +Fly MR+ Str+2 SH+3}
HPRegen  0.22/turn              X - ring of poison resistance
MPRegen  0.23/turn              Y - +4 ring of protection

@: about to teleport, slightly contaminated, invisible (expiring), quick
A: very small, no armour, no weapons or thrown items, stealth, claws 1, fangs 3,
large bone plates 1, see invisible, carnivore, speed 1, high mp 1, screaming 1,
shaggy fur 3, slow metabolism 1, sharp paws
a: Stomp, Renounce Religion, Evoke Flight


You were on level 4 of the Swamp.
You worshipped Uskayaw.
Uskayaw was pleased with you.
You were not hungry.

You visited 6 branches of the dungeon, and saw 30 of its levels.
You also visited: Ossuary and Ice Cave.

You collected 2692 gold pieces.
You spent 1818 gold pieces at shops.

Inventory:

Jewellery
 j - a +5 ring of strength
 m - an uncursed ring of positive energy
 p - an uncursed ring of wizardry
 t - an uncursed ring of protection from magic
 v - an uncursed amulet of regeneration
 x - an uncursed ring of stealth
 E - an uncursed ring of wizardry
 H - a +1 ring of slaying
 I - the ring of Raido {+Fly rC- Str-4 Int+6 Dex+9}
   (You found it on level 2 of the Lair of Beasts)

   [ring of flight]

   It affects your strength (-4).
   It affects your intelligence (+6).
   It affects your dexterity (+9).
   It makes you vulnerable to cold.
   It lets you fly.
 J - an uncursed ring of protection from cold
 K - an uncursed amulet of magic regeneration
 N - the amulet of Oenomania (around neck) {Reflect +Fly MR+ Str+2 SH+3}
   (You acquired it on level 3 of the Swamp)

   [amulet of reflection]

   It shields you and reflects attacks.
   It affects your strength (+2).
   It affects your resistance to hostile enchantments.
   It lets you fly.
   It affects your SH (+3).
 Q - an uncursed ring of protection from magic
 R - a +2 ring of slaying
 S - an uncursed ring of positive energy
 T - an uncursed ring of ice
 W - a +4 ring of evasion
 X - a ring of poison resistance (left paw)
 Y - a +4 ring of protection (right paw)
Wands
 a - a wand of iceblast (9)
 c - a wand of enslavement (26)
 h - a wand of digging (33)
 z - a wand of polymorph (19)
 B - a wand of paralysis (22)
 C - a wand of flame (73)
 D - a wand of scattershot (4)
 F - a wand of disintegration (2)
 L - a wand of random effects (24)
 Z - a wand of acid (13)
Scrolls
 e - a scroll of magic mapping
 g - 2 scrolls of identify
 i - 8 scrolls of immolation
 k - 5 scrolls of amnesia
 l - 11 scrolls of teleportation
 o - 3 scrolls of fog
 y - 11 scrolls of remove curse
 M - 2 scrolls of fear
 O - a scroll of silence
Potions
 d - 6 potions of flight
 f - 6 potions of brilliance
 n - 8 potions of lignification
 q - 2 potions of invisibility
 r - 3 potions of berserk rage
 u - 3 potions of haste
 w - a potion of magic
 A - 3 potions of resistance
 G - 2 potions of cancellation
 P - 3 potions of might
Comestibles
 b - 37 rations


   Skills:
 * Level 13.8 Fighting
 + Level 13.5 Dodging
 + Level 15.0 Stealth
 + Level 10.6 Unarmed Combat
 + Level 10.0 Spellcasting
 - Level 14.0 Hexes
 - Level 5.0 Charms
 - Level 5.0 Necromancy
 * Level 11.6 Translocations
 + Level 13.3 Invocations


You had 9 spell levels left.
You knew the following spells:

 Your Spells              Type           Power        Failure   Level  Hunger
a - Regeneration          Chrm/Necr      ####......   2%          3    None
b - Ensorcelled Hibernat  Hex/Ice        #####.       1%          2    None
c - Confuse               Hex            ######..     1%          3    None
d - Tukima's Dance        Hex            ######..     1%          3    None
e - Invisibility          Hex            ######..     3%          6    ######.
f - Controlled Blink      Tloc           N/A          98%         8    #######

Your spell library contained the following spells:

 Spells                   Type           Power        Failure   Level  Hunger
 Cause Fear               Hex            ######....   1%          4    ##.....
 Conjure Flame            Conj/Fire      ##......     21%         3    None
 Lightning Bolt           Conj/Air       ##........   88%         5    ####...
 Bolt of Magma            Conj/Fire/Erth ##........   88%         5    ####...
 Slow                     Hex            ######..     1%          2    None
 Throw Frost              Conj/Ice       ##....       11%         2    None
 Freezing Cloud           Conj/Ice/Air   ##........   100%        6    ######.
 Mephitic Cloud           Conj/Pois/Air  ##......     21%         3    None
 Ring of Flames           Chrm/Fire      ###.......   100%        7    #######
 Summon Small Mammal      Summ           ##..         7%          1    None
 Animate Dead             Necr           N/A          9%          4    ##.....
 Pain                     Necr           ####         1%          1    None
 Animate Skeleton         Necr           N/A          1%          1    None
 Vampiric Draining        Necr           ####......   2%          3    None
 Freeze                   Ice            ##..         7%          1    None
 Summon Ice Beast         Ice/Summ       ##......     56%         4    ##.....
 Ozocubu's Armour         Chrm/Ice       ###.....     8%          3    None
 Call Imp                 Summ           ##......     11%         2    None
 Iron Shot                Conj/Erth      ##........   100%        6    ######.
 Stone Arrow              Conj/Erth      ##....       21%         3    None
 Shock                    Conj/Air       ##..         7%          1    None
 Swiftness                Chrm/Air       ###.....     3%          2    None
 Recall                   Summ/Tloc      N/A          1%          3    None
 Death Channel            Necr           ####......   80%         6    ######.
 Throw Icicle             Conj/Ice       ##......     56%         4    ##.....
 Airstrike                Air            ##........   56%         4    ##.....
 Flame Tongue             Conj/Fire      ##...        7%          1    None
 Passwall                 Tmut/Erth      ##......     11%         2    None
 Call Canine Familiar     Summ           ##......     21%         3    None
 Shatter                  Erth           ##........   100%        9    #######
 Static Discharge         Conj/Air       ##......     21%         3    None
 Corona                   Hex            ######.      1%          1    None
 Lee's Rapid Deconstruct  Erth           ##........   88%         5    ####...
 Sandblast                Erth           ##....       7%          1    None
 Simulacrum               Ice/Necr       ###.......   98%         6    ######.
 Portal Projectile        Hex/Tloc       ######       1%          3    None
 Passage of Golubria      Tloc           N/A          1%          4    ##.....
 Tornado                  Air            ##........   100%        9    #######
 Leda's Liquefaction      Hex/Erth       #####.....   3%          4    ##.....
 Darkness                 Hex            ######....   3%          6    ######.
 Shroud of Golubria       Chrm/Tloc      #####.....   1%          2    None
 Inner Flame              Hex/Fire       #####...     1%          3    None
 Dazzling Spray           Conj/Hex       #####.       1%          3    None
 Infusion                 Chrm           ####         1%          1    None
 Song of Slaying          Chrm           ####....     1%          2    None
 Spectral Weapon          Hex/Chrm       #####...     1%          3    None
 Summon Lightning Spire   Summ/Air       ##......     56%         4    ##.....
 Summon Guardian Golem    Hex/Summ       #####...     1%          3    None
 Poisonous Vapours        Pois/Air       ##....       11%         2    None
 Ignition                 Fire           ##........   100%        8    #######
 Borgnjor's Vile Clutch   Necr/Erth      ###.......   56%         5    ####...


Dungeon Overview and Level Annotations

Branches:
Dungeon (15/15)            Temple (0/1) D:7            Lair (6/6) D:8
  Swamp (4/4) Lair:2        Snake (0/4) Lair:3        Slime (0/5) Lair:5
    Orc (2/2) D:11            Elf (1/3) Orc:2        Vaults (0/5) D:14
 Depths (2/5) D:15

Altars:
Ashenzari
Dithmenos
Elyvilon
Gozag
Hepliaklqana
Makhleb
Ru
Trog
Uskayaw
Vehumet
Beogh

Shops:
Orc:1 :   Orc:2 (*[:

Portals:
Hell: Depths:1

Annotations:
Elf:1 Aizul


Innate Abilities, Weirdness & Mutations

You cannot wear armour.
You are incapable of wielding weapons or throwing items.
Your paws allow you to move quietly. (Stealth)
You have sharp claws.
You have razor-sharp teeth.
You have supernaturally acute eyesight. (SInv)
You are carnivorous and can eat meat at any time.
You cover ground quickly.
Your thick and shaggy fur keeps you warm. (AC +3, rC+)
You have a slow metabolism.
Your sharp claws are effective at attacking unaware monsters.
You are partially covered in large bone plates. (SH +4)
You have an increased reservoir of magic. (+10% MP)
You occasionally shout uncontrollably at your foes.


Message History

Aim: a spriggan berserker, wielding a quarterstaff and wearing an animal skin (berserk, fast, unusually strong, not susceptible)
Okay, then.
Evoke which item? (* to show all) (? for menu, Esc to quit)
Aiming: Polymorph
Press: ? - help, Shift-Dir - straight line, f - spriggan berserker
Aim: a spriggan berserker, wielding a quarterstaff and wearing an animal skin (berserk, fast, unusually strong, chance to defeat MR: 0%)
Okay, then.
Evoke which item? (* to show all) (? for menu, Esc to quit)
Aiming: Enslavement
Press: ? - help, Shift-Dir - straight line, f - thorn hunter
Aim: a thorn hunter (lightly damaged, chance to defeat MR: 1%)
Okay, then.
As you read the scroll of teleportation, it crumbles to dust.
You feel strangely unstable.
The spriggan berserker hits you with a quarterstaff!!
* * * LOW HITPOINT WARNING * * *
You flicker for a moment.
The thorn hunter fires a volley of thorns at you.
The volley of thorns hits you!
You die...

♣ ♣♣♣*** ♣♣.≈≈.♣.[..≈≈♣♣ ♣
*#### **,* ♣≈.≈.♣♣≈......♣
##.≈.***≈,***♣♣≈≈≈......♣≈♣♣
#.≈≈,,≈≈≈≈,,*♣♣....†≈......♣
#≈.*,,≈,≈,≈,*♣≈≈≈.≈≈≈....^♣♣
#♣≈####*,≈≈,,*♣.≈...§.≈.[.♣♣
#.....##*≈≈≈**♣♣.≈....§.≈≈≈♣
≈n.≈§k.##*,** ♣♣.≈..≈...≈.♣♣
≈.≈###≈.##** ♣§@≈≈≈..≈....♣♣
v###,##.≈## ♣♣[i.≈≈.≈§.≈.§.♣
§**≈≈≈##k≈###♣.÷..≈...≈≈.≈.♣♣
.≈,≈,≈≈#♣..≈.f..≈......≈≈≈..♣
,,,,,,,#.≈k≈D≈.≈≈≈....≈[.≈..♣
,≈,,,,≈#.≈.[v....≈..≈≈.....♣♣
,**≈≈,*#§≈###♣...≈....≈(.≈♣♣
≈***,*#≈≈## ♣≈♣≈≈§≈≈.....♣♣
≈,,**#.≈##* ♣♣...≈..♣.≈...♣


You could see a thorn hunter, an eight-headed hydra (wandering), a spriggan
berserker (berserk) and an insubstantial wisp.

Vanquished Creatures
  Saint Roka (Orc:2)
  3 thorn hunters
  A deep elf sorcerer (Elf:1)
  Louise (Swamp:4)
  3 stone giants
  4 very ugly things (Depths:1)
  6 ettins
  A hydra (shapeshifter) (D:15)
  21 hydras
  A catoblepas (Lair:6)
  2 ogre magi
  3 ghost crabs
  8 centaur warriors
  2 death knights
  9 two-headed ogres
  10 alligators
  A dancing weapon (Elf:1)
  7 death yaks
  A tengu warrior (D:15)
  6 skeletal warriors
  A spriggan druid (Swamp:4)
  2 unseen horrors
  7 swamp dragons
  A sea snake (shapeshifter) (D:14)
  3 wizards
  A glowing orange brain (Depths:2)
  4 orc knights
  A shambling mangrove (Swamp:4)
  9 ugly things
  5 deep elf magi
  A wolf spider (Lair:6)
  3 orc sorcerers (D:15)
  2 oklob plants (Lair:1)
  12 cyclopes
  14 elephants
  15 black mambas
  Joseph (D:7)
  A guardian serpent (Lair:6)
  A guardian serpent (shapeshifter) (D:15)
  A gargoyle (D:15)
  2 ice statues (IceCv)
  A torpor snail (Lair:2)
  16 spiny frogs
  2 rime drakes (Lair:6)
  A yaktaur (Depths:1)
  2 freezing wraiths (D:13)
  13 komodo dragons
  A troll (shapeshifter) (D:14)
  A polar bear (Lair:4)
  5 trolls
  5 ice devils (IceCv)
  A jumping spider (shapeshifter) (Depths:1)
  5 tyrant leeches
  Grinder (D:6)
  4 hornets
  33 slime creatures
  Prince Ribbit (D:7)
  9 blink frogs
  10 bog bodies
  6 dream sheep
  7 hippogriffs
  2 redbacks (Lair:6)
  3 spriggans
  2 shadows
  A wraith (D:13)
  15 wyverns
  48 yaks
  A spriggan (shapeshifter) (D:14)
  5 basilisks
  10 vampire mosquitoes
  Grum (Lair:1)
  3 hungry ghosts
  Menkaure (D:5)
  12 swamp worms
  8 insubstantial wisps (Swamp:4)
  3 wargs
  A hell hound (D:9)
  18 water moccasins
  2 soldier ants
  An acid dragon (D:12)
  6 porcupines
  12 swamp drakes
  A black bear (Lair:2)
  2 sky beasts
  4 ice beasts
  14 wolves
  28 orc warriors
  4 ogres
  A necrophage (D:8)
  2 centaurs
  3 big kobolds
  15 crocodiles
  25 bullfrogs
  2 gnoll sergeants
  A wyvern zombie (D:13)
  4 scorpions
  5 wights (D:13)
  5 killer bees
  3 howler monkeys
  3 electric eels
  10 crimson imps
  5 centaur zombies
  3 jellies
  2 human zombies (Ossuary)
  4 hounds
  21 orc priests
  A bullfrog zombie (D:12)
  5 bullfrog skeletons
  2 centaur skeletons
  2 iguanas
  20 orc wizards
  6 worker ants
  2 big kobold zombies (Ossuary)
  2 mummies (Ossuary)
  A howler monkey skeleton (D:6)
  9 gnolls
  14 adders
  A river rat (D:4)
  3 shadow imps
  4 white imps (IceCv)
  9 ufetubi (IceCv)
  An ooze (D:2)
  An adder zombie (Ossuary)
  2 worms
  2 dart slugs
  5 leopard geckos
  85 orcs
  5 giant cockroaches
  4 goblins
  9 hobgoblins
  13 jackals
  23 kobolds
  9 quokkas
  6 ball pythons
  7 bats
  3 frilled lizards
  8 hobgoblin zombies (Ossuary)
  2 jackal zombies (Ossuary)
  9 kobold zombies (Ossuary)
  3 leopard gecko skeletons
  8 orc zombies (Ossuary)
  A quokka zombie (D:7)
  4 rats
  3 rat zombies
  A plant (Lair:6)
919 creatures vanquished.

Vanquished Creatures (collateral kills)
  2 killer bees (D:10)
  An orc wizard (D:8)
  An orc (D:5)
4 creatures vanquished.

Vanquished Creatures (others)
  A dancing weapon (D:5)
  A warg (Orc:2)
  An orc priest (Orc:1)
  2 white imps (IceCv)
  3 ufetubi (IceCv)
  A leopard gecko (D:6)
  2 orcs
  5 briar patches (Swamp:4)
  33 fungi
  31 plants
80 creatures vanquished.

Grand Total: 1003 creatures vanquished

Notes
Turn   | Place    | Note
-------+----------+-------------------------------------------
     0 | D:1      | Htamos the Felid Enchanter began the quest for the Orb.
     0 | D:1      | Reached XP level 1. HP: 7/7 MP: 4/4
   659 | D:1      | Reached XP level 2. HP: 8/11 MP: 6/6
   663 | D:1      | Learned a level 2 spell: Ensorcelled Hibernation
  1079 | D:1      | Reached skill level 5 in Hexes
  1788 | D:1      | Reached XP level 3. HP: 14/14 MP: 4/7
  1932 | D:1      | Reached skill level 5 in Stealth
  2446 | D:2      | Reached XP level 4. HP: 18/18 MP: 8/8
  2577 | D:2      | Found a hazy altar of Hepliaklqana.
  3816 | D:3      | Reached XP level 5. HP: 21/21 MP: 4/9
  4481 | D:3      | Noticed a dagger
  4482 | D:3      | Noticed a dagger
  4486 | D:3      | Found a hide-covered altar of Uskayaw.
  4514 | D:3      | Found a burning altar of Makhleb.
  4530 | D:3      | Became a worshipper of Uskayaw the Reveler
  4679 | D:3      | Reached * piety under Uskayaw
  5103 | D:3      | Reached ** piety under Uskayaw
  5393 | D:4      | Found a bloodstained altar of Trog.
  5418 | D:4      | Reached skill level 1 in Fighting
  5418 | D:4      | Reached skill level 1 in Invocations
  5754 | D:4      | Gained mutation: You are covered in thick fur. (AC +2) [Felid growth]
  5754 | D:4      | Reached XP level 6. HP: 25/25 MP: 7/10
  6230 | D:5      | Entered Level 5 of the Dungeon
  6336 | D:4      | Learned a level 3 spell: Confuse
  6340 | D:4      | Learned a level 3 spell: Tukima's Dance
  6347 | D:5      | Noticed a sky beast
  6604 | D:5      | Noticed Menkaure
  7018 | D:5      | Killed a sky beast
  7018 | D:5      | Reached XP level 7. HP: 29/29 MP: 1/12
  7328 | D:5      | Killed Menkaure
  7328 | D:5      | Reached skill level 6 in Stealth
  8054 | D:6      | Noticed Grinder
  8251 | D:6      | Reached *** piety under Uskayaw
  8793 | D:6      | Reached XP level 8. HP: 34/34 MP: 10/13
  8927 | D:6      | Paralysed by Grinder for 3 turns
  9109 | D:6      | Killed Grinder
  9109 | D:6      | Reached skill level 5 in Dodging
  9389 | D:6      | Found a radiant altar of Vehumet.
  9415 | D:7      | Found a staircase to the Ecumenical Temple.
  9451 | D:7      | Noticed Prince Ribbit
  9467 | D:7      | Killed Prince Ribbit
  9467 | D:7      | Reached skill level 7 in Stealth
  9483 | D:7      | Found a sand-covered staircase.
  9520 | Ossuary  | Entered an ossuary
 10639 | D:7      | Reached skill level 5 in Invocations
 10946 | D:7      | Found a shadowy altar of Dithmenos.
 10975 | D:7      | Reached XP level 9. HP: 30/38 MP: 5/15
 11149 | D:7      | Noticed Joseph
 11158 | D:7      | Killed Joseph
 11982 | D:8      | Found a staircase to the Lair.
 12166 | D:8      | Reached skill level 8 in Stealth
 12182 | D:8      | Identified a scroll of acquirement
 12182 | D:8      | Identified the Incunabulum of Hurtful Beguiling (You acquired it on level 8 of the Dungeon)
 12191 | D:8      | Learned a level 6 spell: Invisibility
 12207 | D:8      | Found an opulent altar of Gozag.
 12207 | D:8      | Found a white marble altar of Elyvilon.
 12686 | D:9      | Found a sacrificial altar of Ru.
 12974 | D:9      | Learned a level 3 spell: Regeneration
 13640 | D:10     | Entered Level 10 of the Dungeon
 13910 | D:10     | Reached skill level 10 in Hexes
 14173 | D:10     | Noticed a troll
 14189 | D:10     | Killed a troll
 14189 | D:10     | Reached XP level 10. HP: 43/43 MP: 15/18
 14305 | D:10     | Reached skill level 5 in Fighting
 14814 | D:11     | Noticed a five-headed hydra
 14904 | Lair:1   | Entered Level 1 of the Lair of Beasts
 14938 | D:8      | Reached skill level 5 in Unarmed Combat
 15173 | D:8      | Reached skill level 5 in Spellcasting
 15231 | Lair:1   | Noticed Grum
 15436 | D:8      | Slain by a wolf
 15437 | D:8      | Reached XP level 9. HP: 0/40 MP: 17/17
 15571 | D:8      | Killed a komodo dragon
 15571 | D:8      | Reached skill level 9 in Stealth
 15656 | Lair:1   | Killed Grum
 15681 | Lair:1   | Noticed a komodo dragon
 15682 | Lair:1   | Noticed a komodo dragon
 15687 | Lair:1   | Killed a komodo dragon
 15692 | Lair:1   | Noticed an oklob plant
 15752 | Lair:1   | Reached **** piety under Uskayaw
 15754 | Lair:1   | Reached XP level 10. HP: 45/45 MP: 2/19
 15758 | Lair:1   | Reached ***** piety under Uskayaw
 17019 | Lair:1   | Noticed an oklob plant
 17253 | Lair:1   | Gained mutation: You are weak. (Str -2) [mutagenic glow]
 17325 | Lair:1   | Killed an oklob plant
 17325 | Lair:1   | Reached XP level 11. HP: 50/50 MP: 12/20
 17331 | Lair:1   | Killed an oklob plant
 17331 | Lair:1   | Reached skill level 10 in Stealth
 17365 | Lair:1   | Gained mutation: You do not regenerate when monsters are visible. [mutagenic glow]
 17963 | Lair:2   | Found a staircase to the Swamp.
 18310 | Lair:2   | Got the ring of Raido {+Fly}
 18326 | Lair:2   | Lost strength.
 18326 | Lair:2   | Identified the ring of Raido {+Fly rC- Str-4 Int+6 Dex+9} (You found it on level 2 of the Lair of Beasts)
 18396 | Lair:2   | Lost mutation: You do not regenerate when monsters are visible. [potion of mutation]
 18396 | Lair:2   | Lost mutation: You are weak. (Str -2) [potion of mutation]
 18396 | Lair:2   | Gained mutation: You are partially covered in iridescent scales. (AC +2) [potion of mutation]
 18625 | Lair:3   | Noticed a four-headed hydra
 18773 | Lair:3   | Killed a four-headed hydra
 19117 | Lair:3   | Found a staircase to the Snake Pit.
 19782 | Lair:3   | Noticed a four-headed hydra
 19974 | Lair:3   | Killed a four-headed hydra
 20197 | Lair:3   | Gained mutation: Your thick and shaggy fur keeps you warm. (AC +3, rC+) [Felid growth]
 20197 | Lair:3   | Reached XP level 12. HP: 56/56 MP: 19/22
 20813 | Lair:4   | Noticed a seven-headed hydra
 20915 | Lair:4   | Killed a seven-headed hydra
 20915 | Lair:4   | Reached skill level 11 in Stealth
 20915 | Lair:4   | Reached skill level 1 in Necromancy
 21317 | Lair:4   | Reached skill level 10 in Invocations
 22188 | Lair:5   | Noticed a death yak
 22550 | Lair:4   | Killed a death yak
 22704 | Lair:5   | Noticed a death yak
 22706 | Lair:5   | Noticed a death yak
 22782 | Lair:4   | Killed a death yak
 22782 | Lair:4   | Reached skill level 10 in Dodging
 22912 | Lair:4   | Killed a death yak
 23466 | Lair:5   | Found a staircase to the Slime Pits.
 23845 | Lair:6   | Entered Level 6 of the Lair of Beasts
 23871 | Lair:5   | Reached XP level 13. HP: 29/60 MP: 21/24
 24804 | Lair:6   | Reached skill level 10 in Fighting
 24944 | Lair:6   | Reached skill level 12 in Stealth
 26032 | Lair:5   | Slain by a komodo dragon
 26033 | Lair:5   | Reached XP level 12. HP: -1/58 MP: 23/24
 26094 | Lair:5   | Upgraded the game from 0.22-a0-855-g415d086bb8 to 0.22-a0-866-geee50340df
 26495 | Lair:6   | Killed a catoblepas
 27119 | Lair:6   | Reached XP level 13. HP: 62/62 MP: 0/25
 29663 | D:11     | Found a staircase to the Orcish Mines.
 29761 | Orc:1    | Entered Level 1 of the Orcish Mines
 29775 | D:11     | Reached skill level 1 in Charms
 31085 | Orc:1    | Found Miagerov's Book Emporium.
 31218 | Orc:1    | Found a roughly hewn altar of Beogh.
 31433 | Orc:2    | Entered Level 2 of the Orcish Mines
 31438 | Orc:2    | Noticed an ettin
 31439 | Orc:2    | Found Edigu's Book Boutique.
 31449 | Orc:2    | Killed an ettin
 31946 | Orc:2    | Noticed an ettin
 31958 | Orc:2    | Killed an ettin
 32206 | Orc:2    | Reached skill level 5 in Necromancy
 32930 | Orc:2    | Noticed Saint Roka
 33313 | Orc:2    | Killed Saint Roka
 33313 | Orc:2    | Reached skill level 13 in Stealth
 33313 | Orc:2    | Reached XP level 14. HP: 41/67 MP: 14/27
 33415 | Orc:2    | Found Malism's General Store.
 33415 | Orc:2    | Noticed a stone giant
 33873 | Orc:1    | Killed a stone giant
 34110 | Orc:2    | Found Subicoko's Antique Armour Boutique.
 34797 | Orc:2    | Found a staircase to the Elven Halls.
 34830 | Orc:2    | Found Fazuv's Antique Weapon Boutique.
 36080 | Orc:2    | Bought a book of Necromancy for 450 gold pieces
 36221 | Orc:1    | Bought the Compendium of the Dislocated Rocks for 1368 gold pieces
 36235 | Orc:1    | Learned a level 8 spell: Controlled Blink
 36576 | D:12     | Reached skill level 1 in Translocations
 40771 | D:14     | Found a gate to the Vaults.
 40778 | D:14     | Reached skill level 5 in Translocations
 42106 | D:15     | Entered Level 15 of the Dungeon
 43175 | D:15     | Reached XP level 15. HP: 72/72 MP: 9/28
 43483 | D:15     | Reached skill level 5 in Charms
 44332 | D:15     | Found a staircase to the Depths.
 44736 | Elf:1    | Entered Level 1 of the Elven Halls
 44736 | Elf:1    | Noticed a deep elf sorcerer
 44739 | Elf:1    | Killed a deep elf sorcerer
 44951 | Elf:1    | Noticed Aizul
 44974 | Elf:1    | Killed from afar by Aizul
 44975 | Elf:1    | Reached XP level 14. HP: -7/69 MP: 28/28
 45366 | Depths:1 | Entered Level 1 of the Depths
 45366 | Depths:1 | Found a gateway to Hell.
 45379 | Depths:1 | Noticed a stone giant
 45388 | Depths:1 | Killed a stone giant
 45396 | Depths:1 | Noticed a brown very ugly thing
 45399 | Depths:1 | Noticed a brown very ugly thing
 45480 | Depths:1 | Noticed a brown very ugly thing
 45480 | Depths:1 | Noticed a brown very ugly thing
 45498 | Depths:1 | Killed a brown very ugly thing
 45499 | Depths:1 | Killed a red very ugly thing
 45501 | Depths:1 | Killed a brown very ugly thing
 45517 | Depths:1 | Killed a white very ugly thing
 45714 | Depths:1 | Reached skill level 14 in Stealth
 45725 | Depths:1 | Found a shattered altar of Ashenzari.
 45731 | Depths:1 | Noticed a stone giant
 45739 | Depths:1 | Killed a stone giant
 46148 | Depths:1 | Noticed a white very ugly thing
 46148 | Depths:1 | Noticed a white very ugly thing
 46150 | Depths:1 | Noticed a white very ugly thing
 46202 | Depths:1 | Gained mutation: You are agile. (Dex +2) [mutagenic glow]
 48091 | Depths:2 | Noticed a lich
 48482 | Swamp:1  | Entered Level 1 of the Swamp
 49578 | Swamp:1  | Reached skill level 10 in Unarmed Combat
 49578 | Swamp:1  | Reached XP level 15. HP: 73/73 MP: 27/29
 51563 | Swamp:2  | Reached skill level 10 in Translocations
 53630 | Swamp:4  | Entered Level 4 of the Swamp
 53743 | Swamp:4  | Noticed Louise
 53765 | Swamp:4  | Killed Louise
 53976 | Swamp:4  | Found a frozen archway.
 53996 | IceCv    | Entered an ice cave
 55417 | IceCv    | Gained mutation: You occasionally shout uncontrollably at your foes. [mutagenic glow]
 55455 | Swamp:4  | Killed from afar by a blizzard demon
 55456 | Swamp:4  | Reached XP level 14. HP: -14/70 MP: 28/28
 55473 | Swamp:3  | Got a heavily runed bronze amulet
 55474 | Swamp:3  | Identified the amulet of Oenomania {Reflect +Fly MR+ Str+2 SH+3} (You acquired it on level 3 of the Swamp)
 55578 | Swamp:4  | Gained mutation: You are occasionally teleported next to monsters. [mutagenic glow]
 55704 | Swamp:4  | Lost mutation: You are agile. (Dex +2) [potion of mutation]
 55704 | Swamp:4  | Lost mutation: You occasionally shout uncontrollably at your foes. [potion of mutation]
 55704 | Swamp:4  | Lost mutation: You are occasionally teleported next to monsters. [potion of mutation]
 55704 | Swamp:4  | Lost mutation: You are partially covered in iridescent scales. (AC +2) [potion of mutation]
 55704 | Swamp:4  | Gained mutation: You occasionally shout uncontrollably at your foes. [potion of mutation]
 55704 | Swamp:4  | Gained mutation: You have an increased reservoir of magic. (+10% MP) [potion of mutation]
 55704 | Swamp:4  | Gained mutation: You are partially covered in large bone plates. (SH +4) [potion of mutation]
 55834 | Swamp:4  | Noticed a thorn hunter
 56006 | Swamp:3  | Killed a thorn hunter
 56352 | Swamp:4  | Noticed a thorn hunter
 56515 | Swamp:4  | HP: 3/70 [thorn hunter/volley of thorns (35)]
 56544 | Swamp:4  | Killed a thorn hunter
 57835 | Swamp:4  | Reached XP level 15. HP: 75/75 MP: 20/32
 58041 | Swamp:4  | Noticed a thorn hunter
 58078 | Swamp:4  | Killed a thorn hunter
 58078 | Swamp:4  | Reached skill level 15 in Stealth
 58249 | Swamp:4  | Reached skill level 10 in Spellcasting
 58504 | Swamp:4  | Noticed a thorn hunter
 58513 | Swamp:4  | Killed from afar by a thorn hunter

Vault maps used:
D:1:      saegor_arrival_simple_a
D:2:      lemuel_coloured_pillars_altar
D:3:      dancing_weapons_uskayaw, bloody_makhleb
D:4:      nicolae_overflow_crystal_walls, first_ration, portal_sewer_entry_a,
          solitary_fountain
D:5:      roderic_roman_lattice, minmay_misc_feat_five, uniq_menkaure
D:6:      kennysheep_six_static_rooms, fiery_altar_vehumet, uniq_grinder
D:7:      minmay_temple_entry_junction_2, enter_ossuary_4,
          nicolae_dithmenos_the_darkroom, uniq_joseph, uniq_prince_ribbit1
D:8:      amethyst_overflow_temple_binary, minmay_lair_entry_lava,
          grunt_pizzeria, grunt_decor_mini_mirrors, minmay_misc_feat_alley
D:9:      nicolae_ru_awakened_eye
D:11:     david_orc_4, lightli_wizard_tower
D:14:     david_vaults_2, nicolae_two_hexagons
D:15:     hangedman_depths_entry_civil_slaughter, grunt_decor_resistance
Lair:1:   beast_lair_carwin_1, minmay_lair_oklob_chamber, uniq_grum
Lair:2:   statuecave_lemuel, minmay_swamp_entry_swarm, guppyfry_lair_drakes
Lair:3:   minmay_snake_entry_six_corridors
Lair:4:   grunt_megastairs_1
Lair:5:   dpeg_slime_entry_corner, cheibrodos_lair_reptile_den
Lair:6:   hangedman_lair_tendril_chambers, lemuel_fruit_tree,
          infiniplex_staircase_pool
Swamp:1:  evilmike_swamp_ruin_wall, swamp_pool3, grunt_witch_cave
Swamp:2:  evilmike_swamp_ruin_house_5
Swamp:3:  evilmike_swamp_ruin_house_3
Swamp:4:  swamp_basic_johnstein, portal_ice_cave_entry_pillars_four, uniq_louise
Orc:1:    basic_altar, serial_shops, nicolae_shop_waterfront
Orc:2:    grunt_orc_gardens, grunt_orc_garden, grunt_orc_garden,
          grunt_orc_garden, grunt_orc_garden, sword_in_stone, uniq_saint_roka
Elf:1:    hangedman_elf_disciples, uniq_aizul
Depths:1: hell_entry, serial_bayou_pond_a, kennysheep_big_empty_room,
          serial_bayou_pond_e, roderic_lattice_a, statue_in_the_mist_lemuel,
          evilmike_ruin_ashenzari, grunt_megastairs_3
Depths:2: hangedman_pleasuredromes, hell_entry
Ossuary:  ossuary_tomb_1
IceCv:    ice_cave_small_demon

Skill      XL: |  1  2  3  4  5  6  7  8  9 10 11 12 13 14 15 |
---------------+----------------------------------------------+-----
Hexes          | 5 6 7 8 9 10 11 12 13 14 | 14.0
Stealth        | 5 6 7 9 10 11 13 14 15 | 15.0
Dodging        | 3 4 5 6 8 9 10 11 12 13 | 13.5
Fighting       | 1 2 3 6 7 8 9 11 13 | 13.8
Invocations    | 1 2 3 5 6 8 9 10 12 13 | 13.3
Unarmed Combat | 2 3 4 6 7 8 10 | 10.6
Spellcasting   | 3 4 5 6 7 8 10 | 10.0
Necromancy     | 2 5 |  5.0
Charms         | 2 4 5 |  5.0
Translocations | 11 10 | 11.6

Action                   |  1- 3 |  4- 6 |  7- 9 | 10-12 | 13-15 || total
-------------------------+-------+-------+-------+-------+-------++-------
Melee: Unarmed           |    77 |   121 |   349 |   280 |  1121 ||  1948
       Bite              |     4 |     4 |    29 |    16 |   101 ||   154
       Punch             |       |       |     8 |     8 |    32 ||    48
 Cast: Corona            |     4 |     9 |     7 |       |       ||    20
       Ensorcelled Hiber |    24 |    85 |    94 |   273 |   468 ||   944
       Tukima's Dance    |       |     2 |     5 |       |       ||     7
       Confuse           |       |     1 |    35 |    64 |   127 ||   227
       Regeneration      |       |       |     1 |     1 |       ||     2
       Invisibility      |       |       |       |     5 |   132 ||   137
Invok: Line Pass         |       |       |       |     1 |       ||     1
       Grand Finale      |       |       |       |       |     1 ||     1
 Abil: Evoke Flight      |       |       |       |       |     1 ||     1
Evoke: Wand              |       |       |     4 |    17 |    14 ||    35
  Use: Scroll            |     6 |     6 |    10 |    13 |    20 ||    55
       Potion            |       |     5 |     3 |     7 |    22 ||    37
 Stab: Sleeping          |    23 |    57 |    71 |   137 |   291 ||   579
       Distracted        |       |     1 |     3 |       |       ||     4
       Confused          |       |       |    21 |    23 |    50 ||    94
       Paralysed         |       |       |     4 |     7 |    37 ||    48
       Invisible         |       |       |       |     2 |   182 ||   184
  Eat: Chunk             |    12 |    15 |    25 |    28 |    93 ||   173
       Ration            |       |       |       |       |     9 ||     9
Armor: Skin              |     3 |     6 |    13 |    12 |    16 ||    50
Dodge: Dodged            |    61 |   117 |   225 |   345 |  1048 ||  1796
Block: Other             |       |       |       |       |    42 ||    42
       Reflection        |       |       |       |       |     1 ||     1

Table legend:
 A = Spawn XP
 B = Non-spawn XP
 C = Spawn XP percentage of total XP
 D = Spawn monster count
 E = Non-spawn monster count
 F = Spawn count percentage of total count
 G = Total turns spent on level
                    A         B        C        D         E        F      G
               +---------+---------+-------+---------+---------+-------+---------
         Total |       0 |  227459 |   0.0 |       0 |     922 |   0.0 | 58513
               +---------+---------+-------+---------+---------+-------+---------
           D:1 |       0 |      46 |   0.0 |       0 |      22 |   0.0 |  2020
           D:2 |       0 |     125 |   0.0 |       0 |      15 |   0.0 |  1817
           D:3 |       0 |     110 |   0.0 |       0 |      29 |   0.0 |  1359
           D:4 |       0 |     203 |   0.0 |       0 |      17 |   0.0 |  1076
           D:5 |       0 |     550 |   0.0 |       0 |      15 |   0.0 |  1572
           D:6 |       0 |     942 |   0.0 |       0 |      13 |   0.0 |  1559
           D:7 |       0 |    1034 |   0.0 |       0 |      14 |   0.0 |   953
           D:8 |       0 |    2844 |   0.0 |       0 |      34 |   0.0 |  2013
           D:9 |       0 |     343 |   0.0 |       0 |       7 |   0.0 |  1179
          D:10 |       0 |    1539 |   0.0 |       0 |      27 |   0.0 |  1503
          D:11 |       0 |    9318 |   0.0 |       0 |      78 |   0.0 |  2487
          D:12 |       0 |   10480 |   0.0 |       0 |      30 |   0.0 |  2086
          D:13 |       0 |    9555 |   0.0 |       0 |      38 |   0.0 |  2293
          D:14 |       0 |    4425 |   0.0 |       0 |      21 |   0.0 |  2059
          D:15 |       0 |   17578 |   0.0 |       0 |      41 |   0.0 |  2133
        Lair:1 |       0 |    7632 |   0.0 |       0 |      35 |   0.0 |  1815
        Lair:2 |       0 |    2831 |   0.0 |       0 |      16 |   0.0 |  1756
        Lair:3 |       0 |    7090 |   0.0 |       0 |      28 |   0.0 |  1598
        Lair:4 |       0 |   10763 |   0.0 |       0 |      34 |   0.0 |  2132
        Lair:5 |       0 |   11088 |   0.0 |       0 |      44 |   0.0 |  2324
        Lair:6 |       0 |   20810 |   0.0 |       0 |      61 |   0.0 |  3096
       Swamp:1 |       0 |    9866 |   0.0 |       0 |      18 |   0.0 |  1933
       Swamp:2 |       0 |   14767 |   0.0 |       0 |      41 |   0.0 |  1965
       Swamp:3 |       0 |    6730 |   0.0 |       0 |      15 |   0.0 |  1887
       Swamp:4 |       0 |   28378 |   0.0 |       0 |      52 |   0.0 |  2570
         Orc:1 |       0 |    3717 |   0.0 |       0 |      40 |   0.0 |  2585
         Orc:2 |       0 |   15945 |   0.0 |       0 |      47 |   0.0 |  3089
         Elf:1 |       0 |    4386 |   0.0 |       0 |       5 |   0.0 |   287
      Depths:1 |       0 |   18714 |   0.0 |       0 |      21 |   0.0 |  2869
      Depths:2 |       0 |    2669 |   0.0 |       0 |       5 |   0.0 |    47
       Ossuary |       0 |     345 |   0.0 |       0 |      39 |   0.0 |   998
         IceCv |       0 |    2636 |   0.0 |       0 |      20 |   0.0 |  1453
               +---------+---------+-------+---------+---------+-------+---------
